 Dungeon Crawl Stone Soup version 0.22-a0-407-gb098539 (webtiles) character file.

34783 Serpenta the Bludgeoner (level 13, 140/140 HPs)
             Began as an Ogre Chaos Knight on May 9, 2018.
             Quit the game on level 3 of the Abyss.
             The game lasted 00:50:34 (24929 turns).

Serpenta the Bludgeoner (Ogre Chaos Knight)        Turns: 24929, Time: 00:50:35

Health: 140/140    AC: 15    Str: 21    XL:     13   Next: 79%
Magic:  17/17      EV: 10    Int: 15    God:    Xom [*.....]
Gold:   166        SH:  0    Dex: 10    Spells: 12/12 levels left

rFire    . . .     SeeInvis .   r - +1 giant club
rCold    . . .     Gourm    .   (shield currently unavailable)
rNeg     . . .     Faith    .   g - +2 robe {MR+}
rPois    .         Spirit   .   (helmet restricted)
rElec    .         Reflect  .   w - +2 cloak
rCorr    .         Harm     .   (gloves unavailable)
MR       ++...                  (boots unavailable)
Stlth    +.........             (no amulet)
HPRegen  0.33/turn              d - +3 ring of protection
MPRegen  0.15/turn              y - +2 ring of protection

@: no status effects
A: large, unfitting armour, horns 1, molten scales 1, blurry vision 1, clever 1,
clumsy 1, mutation resistance 2, strong 1, tough skin 1
a: Renounce Religion


You were on level 3 of the Abyss.
You worshipped Xom.
You were a special plaything of Xom.
You were not hungry.

You visited 2 branches of the dungeon, and saw 17 of its levels.
You visited the Abyss 1 time.
You also visited: Sewer.

You collected 1125 gold pieces.
You spent 959 gold pieces at shops.


Innate Abilities, Weirdness & Mutations

You are too large for most types of armour.
You have tough skin. (AC +1)
You have a pair of small horns on your head.
You are partially covered in molten scales. (AC +2)
Scrolls take you a little longer to read.
Your mind is acute. (Int +2)
You are clumsy. (Dex -2)
You are somewhat resistant to both further mutation and mutation removal.
Your muscles are strong. (Str +2)


   Skills:
 - Level 12.0 Fighting
 + Level 16.2 Maces & Flails
 + Level 8.3 Throwing
 - Level 3.0 Dodging
 - Level 6.0 Evocations


You had 12 spell levels left.
You didn't know any spells.

Action                   |  1- 3 |  4- 6 |  7- 9 | 10-12 | 13-15 || total
-------------------------+-------+-------+-------+-------+-------++-------
Melee: Mace              |   104 |   156 |       |       |       ||   260
       Flail             |       |     4 |    23 |       |       ||    27
       Giant club        |       |       |   238 |   522 |   211 ||   971
       Kick              |       |       |       |    33 |       ||    33
       Headbutt          |       |       |       |    22 |    41 ||    63
Throw: Large rock        |       |       |       |    67 |    46 ||   113
Evoke: Wand              |       |       |     2 |    14 |       ||    16
  Use: Scroll            |     1 |     2 |    14 |    12 |     2 ||    31
       Potion            |       |       |     4 |     2 |       ||     6
 Stab: Sleeping          |     2 |       |     3 |       |       ||     5
       Paralysed         |     1 |     5 |       |       |       ||     6
       Petrified         |       |     3 |       |       |       ||     3
       Petrifying        |       |     1 |       |       |       ||     1
       Confused          |       |       |       |     2 |       ||     2
  Eat: Chunk             |     2 |     6 |     9 |    24 |     3 ||    44
       Ration            |       |       |     3 |     4 |     3 ||    10
Armor: Robe              |    42 |    81 |    65 |   185 |    92 ||   465
Dodge: Dodged            |    70 |   112 |   140 |   241 |    77 ||   640

Inventory:

Hand Weapons
 a - a +0 mace of chaos
 r - a +1 giant club (weapon)
 D - a +0 giant spiked club
 I - a +0 blowgun
Missiles
 q - 9 curare-tipped needles
 t - 2 large rocks (quivered)
 x - a throwing net
Armour
 g - a +2 robe of magic resistance (worn)
 w - a +2 cloak (worn)
 E - a +0 troll leather armour
Jewellery
 d - a +3 ring of protection (left hand)
 k - an uncursed ring of wizardry
 o - a +2 ring of dexterity
 p - an uncursed ring of protection from magic
 u - an uncursed ring of fire
 y - a +2 ring of protection (right hand)
Wands
 f - a wand of polymorph (50)
 n - a wand of digging (48)
 H - a wand of scattershot (6)
 L - a wand of iceblast (10)
Scrolls
 b - 6 scrolls of teleportation
 e - 2 scrolls of fog
 h - a scroll of amnesia
 i - 6 scrolls of remove curse
 l - a scroll of enchant weapon
 v - a scroll of magic mapping
Potions
 j - 5 potions of heal wounds {unknown}
 m - 4 potions of flight
 s - 4 potions of might
 z - a potion of resistance
 A - 4 potions of curing
 B - 2 potions of magic
 C - a potion of invisibility
 F - 2 potions of degeneration {unknown}
 G - a potion of mutation {unknown}
 J - 3 potions of lignification {unknown}
 M - a potion of cancellation {unknown}
Comestibles
 c - 19 rations
 K - 7 chunks of flesh {@w1}

≈ . ≈> .. ≈..
##... .≈≈.
...... .≈...
#......
......##.......
#.@..#
#..[#...⌠.
#...## ...
#....# .
#..∩.⌠#
#.#.....
..###...# ..
##...


There were no monsters in sight!

Vanquished Creatures
  Kirke (Lair:4)
  Harold (Lair:4)
  2 hydras (Lair:4)
  The ghost of galech the Covered, a journeyman GnWn of Okawaru (D:10)
  4 two-headed ogres
  Erica (D:9)
  2 death yaks
  A deep elf mage (D:12)
  A cyclops (D:11)
  4 elephants (Lair:5)
  2 centaur zombies (D:11)
  4 black mambas
  7 spiny frogs
  A torpor snail (Lair:5)
  3 rime drakes
  A komodo dragon (shapeshifter) (Lair:4)
  4 komodo dragons (Lair:4)
  4 trolls
  A slime creature (D:12)
  4 hippogriffs
  10 blink frogs
  Eustachio (D:6)
  A hog (Lair:4)
  26 yaks
  2 wyverns
  Grum (D:9)
  A hungry ghost (D:12)
  2 basilisks
  Duvessa (D:6)
  2 nagas (Lair:4)
  An acid dragon (Lair:4)
  2 soldier ants (D:8)
  5 water moccasins
  12 porcupines
  3 ice beasts
  6 phantoms
  A black bear (D:8)
  4 orc warriors (D:11)
  3 sky beasts
  A necrophage (D:6)
  6 ogres
  A centaur (shapeshifter) (D:3)
  3 wolves
  2 centaurs
  The ghost of Curus the Changer, an amateur MfTm of Makhleb (D:3)
  9 crocodiles
  15 bullfrogs
  4 big kobolds
  Dowan (D:6)
  3 gnoll sergeants (D:11)
  6 killer bees
  A vampire bat (D:2)
  3 howler monkeys (D:9)
  2 crimson imps
  3 bullfrog zombies
  2 jellies
  Crazy Yiuf (D:6)
  6 hounds
  2 quasits (D:10)
  3 centaur skeletons
  3 orc priests
  6 orc wizards
  3 iguanas
  7 worker ants
  Natasha (D:4)
  A hound skeleton (D:5)
  A howler monkey zombie (D:10)
  A worker ant zombie (D:9)
  6 gnolls
  6 adders
  A river rat (Sewer)
  A river rat (shapeshifter) (D:11)
  2 shadow imps
  4 worms
  2 dart slugs (D:3)
  6 leopard geckos
  34 orcs
  7 bats
  3 bat skeletons (D:2)
  3 bat zombies (D:2)
  11 giant cockroaches
  3 goblins
  8 hobgoblins
  14 jackals
  5 quokkas
  A ball python (D:1)
  6 frilled lizards
  12 kobolds
  A leopard gecko skeleton (D:7)
  A leopard gecko zombie (D:9)
  6 rats
374 creatures vanquished.

Vanquished Creatures (collateral kills)
  A centaur zombie (D:11)
  A komodo dragon (Lair:1)
  A troll (D:11)
  A bullfrog (Lair:1)
  A gnoll (D:3)
  2 orcs (D:11)
  A fungus (Lair:1)
8 creatures vanquished.

Vanquished Creatures (others)
  A butterfly (Lair:1)
  6 fungi
  24 plants
31 creatures vanquished.

Grand Total: 413 creatures vanquished

Vault maps used:
D:1:      sevenhm_arrival_forest_fort_small_5, patterned_corridor
D:2:      old_standard_altar, kennysheep_vampire_church, minmay_splitting_lines
D:3:      minmay_roachtagon, uniq_sigmund
D:4:      nicolae_overflow_crystal_walls, minmay_temple_entry_glassed_door,
          first_ration, solitary_fountain, xom_redecorated, uniq_natasha
D:5:      cheibrodos_sewer_entry_bend
D:6:      uniq_crazy_yiuf_cottage, uniq_duvessa, uniq_eustachio
D:7:      serial_shops, shop_fountains, nicolae_shop_statue_plus,
          kennysheep_mini_moat, shop, shop, minivault_11,
          kennysheep_generic_room_9
D:8:      minmay_lair_entry_grove, basic_altar, hangedman_pestilent_swarm
D:9:      grunt_dithmenos_shadows, minivault_1, uniq_grum
D:10:     serial_shops, shop, minmay_parallelograms, uniq_erica
D:11:     kennysheep_orc_monster_closet_entryway
D:12:     grunt_ministairs_6, kennysheep_minor_cross, uniq_fannar
Lair:1:   lemuel_fruit_fields, grunt_megastairs_3
Lair:2:   shoals_dummy_entry
Lair:3:   infiniplex_staircase_pool_2
Lair:4:   cheibrodos_lair_river_kwai, guppyfry_snake_entry_garden, uniq_harold,
          uniq_sonja, uniq_kirke
Lair:5:   slime_altar_2, grunt_megastairs_5, infiniplex_staircase_pool
Sewer:    sewer_kobolds


Message History

You throw a large rock. The large rock hits the elephant!!
The elephant is heavily wounded.
Throwing (i - inventory. (/) - cycle)
t - 3 large rocks (quivered)
Press: ? - help, Shift-Dir - straight line, f/p - elephant
Aim: an elephant (heavily wounded)
You throw a large rock.
The large rock hits the elephant but does no damage.
The elephant is heavily wounded.
Xom's power touches on you.
You are cast into the Abyss!
To return, you must find a gate leading back.
Killing monsters will force the Abyss to allow you passage.
This branch contains the abyssal rune of Zot.
Found a leather armour.
Found a gateway leading deeper into the Abyss.
Unknown command.
Enter note: no. i will NOT try my best to survive
Enter note: fu xom
Enter note: this character will die, NOW Are you sure you want to abandon this character and quit the game? (Confirm with "yes".)

Notes
Turn   | Place    | Note
-------+----------+-------------------------------------------
     0 | D:1      | Serpenta the Ogre Chaos Knight began the quest for the Orb.
     0 | D:1      | Reached XP level 1. HP: 24/24 MP: 1/1
    74 | D:1      | XOM: silly message
   202 | D:1      | XOM: divination: detect creatures
   371 | D:1      | XOM: divination: magic mapping
   375 | D:1      | Reached XP level 2. HP: 32/33 MP: 2/2
   376 | D:1      | XOM: divination: detect items
   377 | D:1      | Reached skill level 3 in Maces & Flails
   449 | D:1      | XOM: divination: detect creatures
   760 | D:2      | Reached XP level 3. HP: 38/41 MP: 3/3
   844 | D:2      | Reached skill level 5 in Fighting
   854 | D:2      | XOM: mild Air miscast
  1069 | D:2      | Found an ornate altar of the Wu Jian Council.
  1099 | D:2      | XOM: give mutations
  1099 | D:2      | Gained mutation: You are weak. (Str -2) [Xom's mischief]
  1099 | D:2      | Gained mutation: You are clumsy. (Dex -2) [Xom's mischief]
  1099 | D:2      | Gained mutation: Armour fits poorly on your strangely shaped body. [Xom's mischief]
  1099 | D:2      | Lost mutation: You are weak. (Str -2) [Xom's mischief]
  1456 | D:2      | Reached XP level 4. HP: 47/50 MP: 4/4
  1697 | D:2      | Found an ancient bone altar of Kikubaaqudgha.
  1717 | D:2      | Reached skill level 4 in Maces & Flails
  1826 | D:3      | Reached XP level 5. HP: 58/59 MP: 5/5
  2023 | D:3      | Noticed Sigmund
  2056 | D:3      | Noticed Sigmund
  2056 | D:3      | Sigmund changed into Sigmund the centaur
  2056 | D:3      | XOM: polymorph Sigmund -> Sigmund the centaur
  2058 | D:3      | Killed Sigmund the centaur
  2059 | D:3      | XOM: smoke on damage
  2147 | D:3      | Reached XP level 6. HP: 47/68 MP: 6/6
  2308 | D:3      | XOM: mild Ice miscast
  2312 | D:2      | XOM: scenery: create altars
  2442 | D:3      | Noticed Curus's ghost (amateur MfTm)
  2449 | D:3      | XOM: medium Chrm miscast
  2792 | D:3      | XOM: harmless Pois miscast
  2802 | D:3      | XOM: potion effect (agility)
  2809 | D:3      | XOM: cleaving
  2812 | D:3      | XOM: cast spell 'Disjunction'
  2813 | D:3      | XOM: scenery: create altars
  3111 | D:4      | Noticed a phantom
  3118 | D:4      | XOM: potion effect (haste)
  3141 | D:4      | XOM: enchant monster (good)
  3155 | D:4      | Killed a phantom
  3155 | D:4      | Reached skill level 5 in Maces & Flails
  3259 | D:4      | XOM: give mutations
  3259 | D:4      | Gained mutation: You expend magic power (3 MP) to strengthen your wands. [Xom's grace]
  3259 | D:4      | Gained mutation: You are somewhat resistant to further mutation. [Xom's grace]
  3354 | D:4      | Found a staircase to the Ecumenical Temple.
  3521 | D:4      | Found a shimmering altar of Xom.
  3521 | D:4      | Found a shimmering altar of Xom.
  3522 | D:4      | Found a shimmering altar of Xom.
  3523 | D:4      | Found a shimmering altar of Xom.
  3663 | D:4      | Noticed Natasha
  3674 | D:4      | Killed Natasha
  3674 | D:4      | Reached XP level 7. HP: 56/79 MP: 7/7
  3787 | D:4      | XOM: repel stairs
  3974 | D:4      | Found a shimmering altar of Xom.
  3988 | D:4      | XOM: confusion
  4143 | D:5      | Entered Level 5 of the Dungeon
  4286 | D:5      | Found a glowing drain.
  4299 | Sewer    | Entered a sewer
  4355 | Sewer    | XOM: stat loss: -1 Int (12/13)
  4501 | Sewer    | XOM: harmless Erth miscast
  4574 | Sewer    | XOM: divination: detect creatures
  4575 | Sewer    | XOM: noise
  4602 | Sewer    | Found a white marble altar of Elyvilon.
  4935 | D:5      | XOM: mild Necr miscast
  4937 | D:5      | Reached skill level 6 in Maces & Flails
  5231 | D:6      | Noticed Dowan
  5238 | D:6      | XOM: summons 3 hostile demons
  5617 | D:6      | Reached XP level 8. HP: 29/89 MP: 8/8
  5810 | D:6      | Noticed Duvessa
  5822 | D:6      | Killed Duvessa
  5831 | D:6      | Killed Dowan
  5853 | D:6      | Reached skill level 7 in Maces & Flails
  6088 | D:6      | XOM: 3-stop teleportation journey
  6089 | D:6      | Noticed Eustachio
  6093 | D:6      | XOM: blink monster(s)
  6097 | D:6      | XOM: swap monsters
  6104 | D:6      | Killed Eustachio
  6237 | D:6      | Found a runed door.
  6237 | D:6      | XOM: 7-stop teleportation journey
  6238 | D:6      | Noticed Crazy Yiuf
  6238 | D:6      | Killed Crazy Yiuf
  6342 | D:6      | XOM: chaos cloud
  6385 | D:6      | XOM: harmless Pois miscast
  6537 | D:6      | Reached skill level 8 in Maces & Flails
  6755 | D:7      | Found Koeheut's Book Shop.
  6760 | D:6      | Reached skill level 10 in Fighting
  6826 | D:6      | Reached XP level 9. HP: 53/101 MP: 9/9
  6968 | D:6      | XOM: mild Tmut miscast
  7037 | D:7      | XOM: chaos upgrade
  7059 | D:6      | XOM: summons 1 hostile demon
  7206 | D:6      | XOM is BORED!
  7413 | D:7      | Found Dahate's Weapon Emporium.
  7875 | D:6      | XOM: smoke on damage
  8180 | D:7      | XOM: mild Conj miscast
  8191 | D:7      | Reached skill level 9 in Maces & Flails
  8219 | D:6      | HP: 5/102 [poisoned by a killer bee]
  8226 | D:6      | HP: 4/102 [poisoned by a killer bee]
  8231 | D:6      | HP: 4/102 [poisoned by a killer bee]
  8236 | D:6      | XOM: mild Fire miscast
  8237 | D:6      | HP: 4/102 [poisoned by a killer bee]
  8245 | D:6      | HP: 4/102 [poisoned by a killer bee]
  8472 | D:6      | XOM: medium Fire miscast
  8849 | D:7      | Noticed a cyclops
  9076 | D:7      | Noticed a two-headed ogre
  9076 | D:7      | a cyclops changed into a two-headed ogre
  9076 | D:7      | XOM: polymorph cyclops -> two-headed ogre
  9077 | D:7      | Killed a two-headed ogre
  9077 | D:7      | Reached skill level 10 in Maces & Flails
  9149 | D:7      | Found Vugut's Assorted Antiques.
  9157 | D:7      | Bought a scroll labeled BIMABL JESO for 25 gold pieces
  9157 | D:7      | Bought a scroll labeled ATIH PIOSONG for 25 gold pieces
  9157 | D:7      | Bought a fizzy cyan potion for 22 gold pieces
  9157 | D:7      | Bought a potion of curing for 75 gold pieces
  9197 | D:7      | Found Oclui's Food Shoppe.
  9306 | D:7      | Found Caodghuo's Magic Scroll Emporium.
  9309 | D:7      | Bought a scroll of teleportation for 42 gold pieces
  9309 | D:7      | Bought a scroll of teleportation for 42 gold pieces
  9419 | D:8      | XOM: silly message
  9429 | D:8      | Reached XP level 10. HP: 69/114 MP: 10/10
  9931 | D:8      | XOM is BORED!
  9931 | D:8      | XOM: silly message
 10211 | D:8      | XOM: harmless Erth miscast
 10419 | D:7      | Reached skill level 11 in Maces & Flails
 10628 | D:8      | Found a staircase to the Lair.
 10953 | D:8      | Found a radiant altar of Vehumet.
 11097 | D:9      | Noticed Grum
 11366 | D:9      | Noticed a two-headed ogre
 11369 | D:9      | Killed a two-headed ogre
 11369 | D:9      | Reached skill level 12 in Maces & Flails
 11407 | D:9      | XOM: confuse monster(s)
 11432 | D:9      | Killed Grum
 11747 | D:9      | Found a shadowy altar of Dithmenos.
 11828 | D:9      | Reached XP level 11. HP: 121/123 MP: 11/11
 12051 | D:10     | Entered Level 10 of the Dungeon
 12129 | D:10     | Found Wilen's Distillery.
 12263 | D:10     | Noticed galech's ghost (journeyman GnWn)
 12264 | D:10     | XOM: fog
 12279 | D:10     | XOM: cleaving
 12281 | D:10     | XOM: summons 7 friendly demons
 12479 | D:10     | Noticed Erica
 12484 | D:9      | Killed Erica
 12484 | D:9      | Reached skill level 13 in Maces & Flails
 12532 | D:9      | XOM: summons 5 hostile demons
 12579 | D:10     | XOM: medium Necr miscast
 12740 | D:9      | XOM: draining
 12866 | D:10     | XOM: potion effect (brilliance)
 13097 | D:10     | XOM: god gift: dagger {god gift}
 13136 | D:11     | XOM: summons 11 friendly demons
 13144 | D:11     | Reached skill level 1 in Evocations
 13146 | D:11     | XOM: mild Chrm miscast
 13196 | D:11     | XOM: polymorph kobold -> hound
 13345 | D:11     | XOM: enchant monster (bad)
 13389 | D:11     | Noticed a cyclops
 13389 | D:11     | XOM: cast spell 'Summon Ice Beast'
 13395 | D:11     | Killed a cyclops
 13589 | D:11     | XOM: divination: detect creatures
 13815 | D:11     | Noticed a two-headed ogre
 13819 | D:11     | Killed a two-headed ogre
 13878 | D:11     | XOM: divination: detect items
 13902 | D:11     | Found a staircase to the Orcish Mines.
 13940 | D:11     | XOM: potion effect (might)
 13992 | D:10     | XOM: silly message
 14144 | D:11     | XOM: mild Pois miscast
 14146 | D:11     | XOM: summons 3 friendly demons
 14280 | D:11     | XOM: scenery: create altars
 14300 | D:11     | XOM: polymorph big kobold -> crocodile
 14345 | D:11     | XOM: cloud trail
 14367 | D:12     | Noticed a deep elf mage
 14371 | D:12     | Killed a deep elf mage
 14434 | D:12     | Noticed a two-headed ogre
 14441 | D:12     | Killed a two-headed ogre
 14759 | D:12     | Reached skill level 14 in Maces & Flails
 14884 | D:12     | XOM: fog
 14898 | D:12     | Reached XP level 12. HP: 87/132 MP: 15/15
 15099 | D:12     | XOM: scenery: create altars
 15103 | D:12     | Reached skill level 5 in Evocations
 15241 | D:12     | XOM: scenery: 1 doors close
 15284 | D:12     | Noticed Fannar
 15399 | Lair:1   | Entered Level 1 of the Lair of Beasts
 15731 | Lair:1   | XOM: divine lightning
 15790 | Lair:1   | XOM: give mutations
 15790 | Lair:1   | Gained mutation: You have large cloven feet. [Xom's grace]
 15790 | Lair:1   | Gained mutation: You are partially covered in molten scales. (AC +2) [Xom's grace]
 15790 | Lair:1   | Gained mutation: You are somewhat resistant to both further mutation and mutation removal. [Xom's grace]
 15790 | Lair:1   | Gained mutation: You have a pair of small horns on your head. [Xom's grace]
 15818 | Lair:1   | XOM: give mutations
 15818 | Lair:1   | Gained mutation: Your mind is acute. (Int +2) [Xom's grace]
 15818 | Lair:1   | Gained mutation: Your muscles are strong. (Str +2) [Xom's grace]
 15818 | Lair:1   | Gained mutation: You are surrounded by a mild repulsion field. (EV +2) [Xom's grace]
 15818 | Lair:1   | Gained mutation: You are resistant to hostile enchantments. (MR+) [Xom's grace]
 15846 | Lair:1   | XOM: cloud trail
 15865 | Lair:1   | XOM: smoke on damage
 15937 | Lair:1   | XOM: 6-stop teleportation journey
 16004 | Lair:1   | XOM: cast spell 'Summon Butterflies'
 16009 | Lair:1   | XOM: scenery: create altars
 16225 | Lair:1   | XOM: divine lightning
 16233 | Lair:1   | XOM: summons 12 friendly demons
 16358 | Lair:1   | XOM: 10-stop teleportation journey
 16756 | Lair:2   | XOM: fog
 16894 | Lair:2   | XOM: 3-stop teleportation journey
 17097 | Lair:2   | XOM: noise
 17172 | Lair:1   | XOM: give mutation
 17172 | Lair:1   | Lost mutation: You are surrounded by a mild repulsion field. (EV +2) [Xom's mischief]
 17352 | Lair:2   | XOM: confusion
 17608 | Lair:2   | XOM: harmless Tloc miscast
 17781 | Lair:2   | Noticed a death yak
 17782 | Lair:2   | Noticed a death yak
 17799 | Lair:2   | Noticed a death yak
 17800 | Lair:2   | Noticed a death yak
 17800 | Lair:2   | Noticed a death yak
 17801 | Lair:2   | Killed a death yak
 17801 | Lair:2   | Reached skill level 1 in Throwing
 17803 | Lair:2   | Noticed a death yak
 17956 | Lair:2   | Found a staircase to the Shoals.
 18007 | Lair:2   | XOM: summons 1 hostile demon
 18012 | Lair:2   | XOM: summons 2 friendly demons
 18021 | Lair:2   | XOM: cast spell 'Summon Mana Viper'
 18043 | Lair:1   | Killed a death yak
 18166 | Lair:2   | XOM: noise
 18190 | Lair:2   | XOM: divination: detect creatures
 18194 | Lair:2   | Reached skill level 15 in Maces & Flails
 18358 | Lair:2   | XOM: confusion (+ monsters)
 18540 | Lair:1   | XOM: divination: detect creatures
 18775 | Lair:2   | XOM is BORED!
 18775 | Lair:2   | XOM: give mutations
 18775 | Lair:2   | Lost mutation: You are resistant to hostile enchantments. (MR+) [Xom's mischief]
 18775 | Lair:2   | Lost mutation: You expend magic power (3 MP) to strengthen your wands. [Xom's mischief]
 18775 | Lair:2   | Lost mutation: You have large cloven feet. [Xom's mischief]
 19197 | Lair:3   | XOM: confuse monster(s)
 19273 | Lair:3   | XOM: 2-stop teleportation journey
 19869 | Lair:4   | Noticed Harold
 19871 | Lair:4   | Noticed Sonja
 19873 | Lair:4   | XOM: 2-stop teleportation journey
 19881 | Lair:4   | Noticed Sonja
 19881 | Lair:4   | Sonja changed into Sonja the acid dragon
 19901 | Lair:3   | XOM: fog
 19981 | Lair:2   | XOM: mild Chrm miscast
 20000 | Lair:2   | XOM: cloud trail
 20149 | Lair:2   | XOM: silly message
 20266 | Lair:4   | Noticed a four-headed hydra
 20269 | Lair:4   | Killed a four-headed hydra
 20269 | Lair:4   | Reached XP level 13. HP: 140/140 MP: 17/17
 20341 | Lair:4   | Reached skill level 5 in Throwing
 20353 | Lair:4   | XOM: snakes to sticks
 20562 | Lair:4   | XOM: divination: detect creatures
 20567 | Lair:4   | Killed Harold
 20579 | Lair:4   | Found a staircase to the Snake Pit.
 20600 | Lair:4   | Killed Sonja the acid dragon
 21168 | Lair:4   | XOM: cloud trail
 21334 | Lair:4   | XOM: enchant monster (good)
 21335 | Lair:4   | XOM: polymorph spiny frog -> shapeshifter
 21352 | Lair:4   | XOM: confuse monster(s)
 21407 | Lair:4   | Noticed Kirke
 21438 | Lair:4   | XOM: cloud trail
 21660 | Lair:4   | XOM: mild Air miscast
 21668 | Lair:4   | Killed Kirke
 21724 | Lair:4   | XOM: give mutation
 21724 | Lair:4   | Lost mutation: Armour fits poorly on your strangely shaped body. [Xom's mischief]
 21840 | Lair:4   | XOM: mild Fire miscast
 21964 | D:7      | Bought a scroll of acquirement for 728 gold pieces
 21965 | D:7      | Got a dazzling large shield
 21972 | D:7      | Identified the +4 large shield of Polish {rF++ rN+} (You acquired it on level 7 of the Dungeon)
 22085 | D:3      | Killed Curus's ghost
 22302 | D:10     | XOM: enchant monster (bad)
 22440 | D:10     | Killed galech's ghost
 22886 | Lair:3   | XOM: give mutation
 22886 | Lair:3   | Gained mutation: Scrolls take you a little longer to read. [Xom's mischief]
 23003 | Lair:4   | XOM: noise
 23173 | Lair:5   | XOM: stat loss: -1 Dex (9/10)
 23174 | Lair:5   | XOM: 1-stop teleportation journey
 23349 | Lair:5   | XOM: torment (71/140 hp)
 23358 | Lair:5   | Reached skill level 16 in Maces & Flails
 23693 | Lair:5   | Found a runed door.
 23693 | Lair:5   | Found a viscous altar of Jiyva.
 23695 | Lair:5   | Found a staircase to the Slime Pits.
 23793 | Lair:5   | XOM: mild Conj miscast
 23815 | Lair:5   | XOM: summons 6 hostile demons
 24333 | Lair:5   | XOM: enchant monster (good)
 24376 | Lair:5   | XOM: cast spell 'Summon Butterflies'
 24655 | Lair:5   | XOM: harmless Necr miscast
 24704 | Lair:5   | XOM: noise
 24740 | Lair:5   | XOM: harmless Conj miscast
 24822 | Lair:5   | XOM is BORED!
 24928 | Lair:5   | XOM: severe Summ miscast
 24928 | Lair:5   | Cast into level 3 of the Abyss (the severe capriciousness of Xom)
 24929 | Abyss:3  | no. i will NOT try my best to survive
 24929 | Abyss:3  | fu xom
 24929 | Abyss:3  | this character will die, NOW
 24929 | Abyss:3  | Quit the game
